 Dungeon Crawl Stone Soup version 0.30-a0-782-ge64f9170bb (webtiles) character file.

Game seed: 5140741689197488392

370 sanka the Shooter (level 6, 0/51 HPs)
             Began as a Demigod Hunter on Feb 22, 2023.
             Slain by a hound (1 damage)
             ... on level 5 of the Dungeon.
             The game lasted 00:04:47 (3511 turns).

sanka the Shooter (Demigod Hunter)                  Turns: 3511, Time: 00:04:48

Health: 0/51       AC:  5    Str: 12    XL:     6   Next: 18%
Magic:  17/17      EV: 12    Int: 11    God:
Gold:   217        SH:  0    Dex: 25    Spells: 5/5 levels left

rFire   . . .      SeeInvis .    a - +0 shortbow
rCold   . . .      Faith    .    (shield currently unavailable)
rNeg    . . .      Spirit   .    c - +0 leather armour
rPois   +          Reflect  .    (no helmet)
rElec   .          Harm     .    e - +0 cloak
rCorr   .          Rampage  .    (no gloves)
Will    .....                    u - +0 pair of boots
Stlth   ++                       (no amulet)
HPRegen 0.28/turn                s - ring of poison resistance
MPRegen 0.15/turn                j - ring of magical power

@: no status effects
A: high MP 1, forlorn, divine attributes
a: no special abilities


You were on level 5 of the Dungeon.
You visited 1 branch of the dungeon, and saw 5 of its levels.

You collected 217 gold pieces.


Innate Abilities, Weirdness & Mutations

You have an increased reservoir of magic. (+10% MP)
You shall have no god before yourself.
Your divine heritage dramatically boosts your attributes as you level up.


   Skills:
 - Level 3.0 Fighting
 + Level 6.6 Ranged Weapons
 - Level 1.7 Dodging
 - Level 0.8 Stealth


You had 5 spell levels left.
You didn't know any spells.
Your spell library contained the following spells:

 Spells                   Type           Power      Damage    Failure   Level
 Apportation              Tloc           0%         N/A       41%         1
 Cigotuvi's Dreadful Rot  Necr/Pois/Air  0%         N/A       56%         2
 Hailstorm                Conj/Ice       0%         3d3       80%         3
 Dispel Undead            Necr           0%         3d6       99%         4
 Ice Form                 Ice/Tmut       0%         N/A       99%         4
 Olgreb's Toxic Radiance  Pois           0%         N/A       99%         4
 Alistair's Intoxication  Tmut/Pois      0%         N/A       100%        5
 Death Channel            Necr           0%         N/A       100%        6
 Simulacrum               Ice/Necr       0%         N/A       100%        6
 Ozocubu's Refrigeration  Ice            0%         4d7       100%        7
 Ignition                 Fire           0%         3d3       100%        8

Inventory:

Hand Weapons
 a - a +0 shortbow (weapon)
Missiles
 g - 3 curare-tipped darts {=f}
Armour
 c - a +0 leather armour (worn)
 e - a +0 cloak (worn)
 u - a +0 pair of boots (worn)
Jewellery
 j - a ring of magical power (right hand)
 s - a ring of poison resistance (left hand)
Scrolls
 b - 3 scrolls of immolation {!r}
 h - a scroll of noise {unknown}
 l - 2 scrolls of fog {unknown}
 m - a scroll of summoning {unknown}
 n - 4 scrolls of identify {unknown}
 o - a scroll of fear {unknown}
 p - 4 scrolls of vulnerability {unknown}
 q - a scroll of torment {unknown}
 t - 2 scrolls of magic mapping {unknown}
 w - 2 scrolls of teleportation {unknown}
 x - 2 scrolls of amnesia {unknown}
 y - a scroll of enchant weapon {unknown}
Potions
 d - 2 potions of invisibility
 f - 2 potions of haste {unknown}
 i - 3 potions of brilliance {unknown}
 k - 2 potions of degeneration {unknown}
 r - a potion of cancellation {unknown}
 v - a potion of magic {unknown}
 z - a potion of attraction {unknown}
 A - a potion of heal wounds {unknown}

Dungeon Overview and Level Annotations

Branches:
Dungeon (5/15)
 Temple: D:4-7

Shops:
D:1 [

Annotations:
D:3 1 runed translucent door, Crazy Yiuf
D:4 Dowan, Duvessa

▒▒▒.▒ ▒▒.... ▒▒
▒....▒ ▒ . s..
....▒▒.▒ ..
▒▒..▒▒....▒.▒ ..£
..........▒.▒....
........5.......
▒.phs..▒ ▒.▒▒S▒▒▒
▒. ▒.▒ ▒▒.▒.▒▒O▒
▒.....W.▒▒▒▒▒▒▒▒
▒.▒▒.▒▒........▒▒▒▒
▒▒.▒▒..▒▒▒▒.....
................▒
.▒▒▒.▒<.▒..▒..▒.


You could see 2 scorpions, a hound, an adder and a white imp.


Message History

The scorpion is severely wounded.
The scorpion stings you but does no damage.
You shoot an arrow. The arrow hits the scorpion.
The scorpion is almost dead.
The scorpion closely misses you. The scorpion stings you!
* * * LOW HITPOINT WARNING * * *
You shoot an arrow.
The arrow hits the scorpion but does no damage.
The scorpion is almost dead.
A hound comes into view.
The scorpion stings you.
* * * LOW HITPOINT WARNING * * *
You shoot an arrow. The arrow hits the scorpion.
The scorpion is almost dead.
The scorpion misses you. The white imp gestures at you.
The puff of frost hits you.
* * * LOW HITPOINT WARNING * * *
The hound attacks as you move away! The hound bites you.
* * * LOW HITPOINT WARNING * * *
Found 14 gold pieces.
A scorpion comes into view.
The hound barely misses you. The hound attacks as you move away!
The hound bites you.
You die...

Action                     |  1- 3 |  4- 6 || total
---------------------------+-------+-------++-------
  Melee: Shortbow          |       |     1 ||     1
   Fire: Shortbow          |   134 |   130 ||   264
 Armour: Leather armour    |    36 |    36 ||    72
  Dodge: Dodged            |    65 |    67 ||   132

Levels and vault maps discovered:
D:1:      saegor_arrival_fortress, layout_basic, serial_shops, shop,
          minmay_heptomino_d4
D:2:      layout_basic, grunt_ministairs_2
D:3:      layout_basic, hellmonk_ecumenical_altar_arch_garden,
          uniq_crazy_yiuf_cottage
D:4:      layout_loops_corners, glass_columns_c, uniq_duvessa
D:5:      layout_loops_cross, chequers_temple_overflow_minitemple, uniq_pikel

Notes
Turn   | Place    | Note
-------+----------+-------------------------------------------
     0 | D:1      | sanka the Demigod Hunter began the quest for the Orb.
     0 | D:1      | Reached XP level 1. HP: 17/17 MP: 3/3
    58 | D:1      | Reached skill level 2 in Fighting
   194 | D:1      | Reached XP level 2. HP: 25/25 MP: 4/4
   244 | D:1      | Found Daumagh's Armour Emporium.
   358 | D:1      | Reached skill level 3 in Fighting
   633 | D:1      | Reached XP level 3. HP: 22/31 MP: 5/5
   914 | D:2      | Reached skill level 4 in Ranged Weapons
  1516 | D:3      | Reached XP level 4. HP: 38/38 MP: 6/6
  1908 | D:3      | Found a runed translucent door.
  1909 | D:3      | Noticed Crazy Yiuf
  2056 | D:4      | Reached skill level 5 in Ranged Weapons
  2465 | D:4      | Noticed Dowan
  2468 | D:4      | Noticed Duvessa
  2650 | D:4      | Reached XP level 5. HP: 45/45 MP: 7/7
  2695 | D:4      | Noticed an ogre
  2702 | D:4      | Killed an ogre
  2703 | D:4      | Reached skill level 6 in Ranged Weapons
  3026 | D:4      | Reached XP level 6. HP: 35/50 MP: 8/8
  3491 | D:5      | Entered Level 5 of the Dungeon
  3509 | D:5      | HP: 2/51 [white imp/puff of frost (5)]
  3511 | D:5      | Slain by a hound

Vanquished Creatures
  An ogre (D:4)
  A necrophage (D:4)
  A hound (D:4)
  A jelly (D:4)
  An orc wizard (D:3)
  4 adders
  An ufetubus (D:4)
  A dart slug (D:1)
  2 orcs (D:4)
  3 bats
  9 endoplasms
  5 giant cockroaches
  16 goblins
  6 hobgoblins
  9 jackals
  2 quokkas
  4 ball pythons
  8 frilled lizards
  8 kobolds
  5 rats
88 creatures vanquished.
